 Dungeon Crawl Stone Soup version 0.28.0-53-g5a82cb258f (webtiles) character file.

Game seed: 4364684156734593264

2426 MiltankisOP the Scholar of Death (level 9, -8/72 (74) HPs)
             Began as a Troll Necromancer on July 12, 2022.
             Was a Follower of Kikubaaqudgha.
             Shot with an arrow by a centaur (11 damage)
             ... on level 8 of the Dungeon.
             The game lasted 00:18:14 (6758 turns).

MiltankisOP the Scholar of Death (TrNe)             Turns: 6758, Time: 00:18:15

HP:   -8/72 (74)    AC:  7    Str: 17    XL:     9   Next: 24%
MP:   8/15          EV:  9    Int: 14    God:    Kikubaaqudgha [*.....]
Gold: 320           SH:  0    Dex: 11    Spells: 8/18 levels left

rFire   . . .      SeeInvis .   (no weapon)
rCold   + . .      Faith    .   (no shield)
rNeg    + . .      Spirit   .   a - +0 robe
rPois   +          Reflect  .   (helmet restricted)
rElec   .          Harm     .   s - +2 ratskin cloak {*Rats rPois rN+ Str-1 Int-1 Dex+1}
rCorr   .          Rampage  .   (gloves unavailable)
Will    .....                   (boots unavailable)
Stlth   +.........              (no amulet)
HPRegen 1.02/turn               q - ring of protection from cold
MPRegen 0.14/turn               (no ring)

@: lightly drained
A: large, unfitting armour, claws 3, regeneration 1, shaggy fur 1, tough skin 1
a: Renounce Religion, Receive Corpses


You were on level 8 of the Dungeon.
You worshipped Kikubaaqudgha.
Kikubaaqudgha was aware of your devotion.
You visited 2 branches of the dungeon, and saw 9 of its levels.

You collected 320 gold pieces.

Inventory:

Missiles
 h - 2 throwing nets
Armour
 a - a +0 robe (worn)
 r - a +1 cloak
 s - the +2 ratskin cloak (worn) {*Rats rPois rN+ Str-1 Int-1 Dex+1}
   (You found it on level 5 of the Dungeon)

   When the wearer is hurt, rats may emerge from it to assist them.
   Str:       It affects your strength (-1).
   Int:       It affects your intelligence (-1).
   Dex:       It affects your dexterity (+1).
   rPois:     It protects you from poison.
   rN:        It protects you from negative energy.
Magical Staves
 w - a staff of air
Jewellery
 q - a ring of protection from cold (left claw)
Wands
 m - a wand of paralysis (12)
 u - a wand of polymorph (12)
Scrolls
 b - a scroll of magic mapping
 e - a scroll of vulnerability
 f - a scroll of noise {unknown}
 j - 4 scrolls of identify {unknown}
 t - a scroll of enchant armour {unknown}
 v - a scroll of enchant weapon {unknown}
 x - a scroll of fear {unknown}
 y - a scroll of blinking {unknown}
Potions
 c - a potion of berserk rage {unknown}
 d - 2 potions of degeneration {unknown}
 g - a potion of heal wounds {unknown}
 i - a potion of mutation {unknown}
 l - a potion of curing {unknown}
 n - 3 potions of invisibility {unknown}
 o - a potion of brilliance {unknown}
 p - 3 potions of attraction {unknown}


   Skills:
 - Level 1.5 Dodging
 - Level 1.0 Stealth
 + Level 0.7 Unarmed Combat
 - Level 5.0 Spellcasting
 - Level 9.0 Necromancy


You had 8 spell levels left.
You knew the following spells:

 Your Spells              Type           Power      Damage    Failure   Level
a - Pain                  Necr           100%       1d9       1%          1
b - Vampiric Draining     Necr           28%        2d8       1%          3
c - Sublimation of Blood  Necr           28%        N/A       1%          2
d - Animate Dead          Necr           14%        N/A       4%          4

Your spell library contained the following spells:

 Spells                   Type           Power      Damage    Failure   Level
 Animate Skeleton         Necr           56%        N/A       1%          1
 Corpse Rot               Necr/Air       32%        N/A       4%          2
 Agony                    Necr           28%        N/A       12%         5
 Sandblast                Erth           6%         2d5       17%         1
 Slow                     Hex            12%        N/A       17%         1
 Passwall                 Tmut/Erth      2%         N/A       26%         2
 Confusing Touch          Hex            3%         N/A       45%         3
 Stone Arrow              Conj/Erth      6%         3d7       45%         3
 Petrify                  Tmut/Erth      3%         N/A       86%         4
 Irradiate                Conj/Tmut      1%         3d14      99%         5
 Yara's Violent Unravell  Hex/Tmut       1%         3d3       99%         5
 Enfeeble                 Hex            1%         N/A       100%        7


Dungeon Overview and Level Annotations

Branches:
Dungeon (8/15)             Temple (1/1) D:5
   Lair: D:8-11

Altars:
Ashenzari
Cheibriados
Dithmenos
Elyvilon
Fedhas
Gozag
Hepliaklqana
Kikubaaqudgha
Makhleb
Nemelex Xobeh
Okawaru
Qazlal
Ru
Uskayaw
Vehumet
Wu Jian
Xom
Yredelemnul
Zin
The Shining One

Shops:
D:5 =

Annotations:
D:8 Harold


Innate Abilities, Weirdness & Mutations

You are too large for most types of armour.
You have claws for hands.
Your natural rate of healing is unusually fast.
You are covered in fur. (AC +1)
You have tough skin. (AC +1)


Message History

Casting: Pain (safe; 1% risk of failure)
Confirm with . or Enter, or press ? or * to list all spells.
Aiming: Pain (safe; 1% risk of failure)
Press: ? - help, Shift-Dir - straight line, f/p - orc priest
Aim: an orc priest, wielding a +0 trident (almost dead, chance to affect: 83%)
The water moccasin writhes in agony!
Your surroundings suddenly seem different.
The orc priest mumbles some strange prayers to Beogh against you.
Beogh smites you!
Casting: Pain (safe; 1% risk of failure)
Confirm with . or Enter, or press ? or * to list all spells.
Aiming: Pain (safe; 1% risk of failure)
Press: ? - help, Shift-Dir - straight line, f - orc, p - orc priest
Aim: an orc, wielding a +0 short sword (chance to affect: 93%)
The orc writhes in agony.
Casting: Pain (safe; 1% risk of failure)
Confirm with . or Enter, or press ? or * to list all spells.
Aiming: Pain (safe; 1% risk of failure)
Press: ? - help, Shift-Dir - straight line, f/p - orc
Aim: an orc, wielding a +0 short sword (moderately wounded, chance to affect: 93%)
The orc writhes in agony.
You kill the orc!
Kikubaaqudgha accepts your kill.
A centaur comes into view.
The orc priest looks satisfied for a moment.
The centaur wields a +0 shortbow.
The centaur shoots an arrow.
The arrow barely misses you.
The orc priest invokes the aid of Beogh against you.
Beogh smites you!
A river rat scurries out from under your cloak.
The water moccasin bites you.
* * * LOW HITPOINT WARNING * * *
The centaur shoots an arrow.
The arrow misses your river rat. The arrow hits you!
* * * LOW HITPOINT WARNING * * *
The centaur shoots an arrow.
The arrow hits you!
* * * LOW HITPOINT WARNING * * *
The centaur shoots an arrow.
The arrow hits you!
You die...
Kikubaaqudgha rasps: "You have failed me!
Welcome... death!"

.......<..#....
.................#
...........#....##
..######.###......
#.# #.##.....).
##.######o.#.#.).#.
..................
##.........#o######
#.@S...o.....#
#......@>.....#
#..r....)..##.#
#..........# .#
#..........# .#
..............## .#
.....#........# .#
...c...........#
......^........#


You could see Harold, a water moccasin (ally target), a centaur, an orc priest,
an orc and a friendly river rat.

Vanquished Creatures
  Prince Ribbit (D:6)
  Duvessa (D:6)
  2 water moccasins
  A black bear (D:4)
  A necrophage (D:4)
  A kobold brigand (D:7)
  2 bullfrogs
  A scorpion (D:6)
  A howler monkey (D:5)
  A centaur zombie (D:7)
  A bullfrog zombie (D:7)
  2 centaur skeletons
  3 hounds
  3 jellies
  2 orc priests
  A bullfrog skeleton (D:5)
  3 iguanas
  An orc wizard (D:2)
  A scorpion zombie (D:4)
  A howler monkey zombie (D:5)
  5 gnolls
  8 adders
  5 worms
  2 dart slugs
  15 orcs
  3 endoplasms
  2 giant cockroaches (D:4)
  4 goblins
  7 hobgoblins
  14 kobolds
  3 quokkas
  8 ball pythons
  3 bats
  3 frilled lizards
  5 rats
117 creatures vanquished.

Vanquished Creatures (collateral kills)
  An orc warrior (D:6)
  An ice beast (D:6)
  A centaur (D:6)
  Dowan (D:6)
  2 wights
  3 hounds
  An orc priest (D:5)
  Crazy Yiuf (D:6)
  A gnoll shaman (D:5)
  An iguana (D:5)
  2 orc wizards (D:5)
  4 gnolls (D:5)
  An orc (D:5)
20 creatures vanquished.

Grand Total: 137 creatures vanquished

Notes
Turn   | Place    | Note
-------+----------+-------------------------------------------
     0 | D:1      | MiltankisOP the Troll Necromancer began the quest for the
                  | Orb.
     0 | D:1      | Reached XP level 1. HP: 16/16 MP: 1/1
   128 | D:1      | Reached XP level 2. HP: 19/24 MP: 3/3
   660 | D:2      | Reached XP level 3. HP: 31/31 MP: 5/5
   766 | D:2      | Reached XP level 4. HP: 10/39 MP: 2/7
  1197 | D:2      | Reached XP level 5. HP: 45/45 MP: 8/8
  2102 | D:3      | Found a faded altar of an unknown god.
  2106 | D:3      | Found a sacrificial altar of Ru.
  2130 | D:3      | Found a basalt altar of Yredelemnul.
  2417 | D:3      | Found a stormy altar of Qazlal.
  2565 | D:4      | Noticed a necrophage
  2581 | D:4      | Killed a necrophage
  2582 | D:4      | Reached XP level 6. HP: 34/53 MP: 9/11
  2791 | D:4      | Found a hide-covered altar of Uskayaw.
  3045 | D:4      | Found a shadowy altar of Dithmenos.
  3646 | D:5      | Entered Level 5 of the Dungeon
  3646 | D:5      | Found a snail-covered altar of Cheibriados.
  3647 | D:5      | Found Diliqu's Jewellery Boutique.
  3654 | D:5      | Reached XP level 7. HP: 43/59 MP: 13/13
  3660 | D:5      | Reached skill level 5 in Spellcasting
  3733 | D:5      | Found the +2 ratskin cloak {*Rats rPois rN+ Str-1 Int-1
                  | Dex+1}
  3965 | D:5      | Reached skill level 4 in Necromancy
  4089 | D:5      | Reached skill level 5 in Necromancy
  4387 | D:5      | Found a staircase to the Ecumenical Temple.
  4394 | Temple   | Entered the Ecumenical Temple
  4473 | Temple   | Became a worshipper of Kikubaaqudgha
  4493 | D:5      | Found a broken altar of Ashenzari.
  4583 | D:5      | Reached XP level 8. HP: 64/67 MP: 14/14
  4809 | D:5      | Reached skill level 6 in Necromancy
  4851 | D:5      | Learned a level 3 spell: Vampiric Draining
  4854 | D:5      | Learned a level 2 spell: Sublimation of Blood
  4996 | D:6      | Noticed Prince Ribbit
  5008 | D:6      | Reached skill level 7 in Necromancy
  5016 | D:6      | Killed Prince Ribbit
  5196 | D:6      | Noticed Dowan
  5230 | D:6      | Noticed Duvessa
  5254 | D:6      | Killed Duvessa
  5255 | D:6      | Reached skill level 8 in Necromancy
  5275 | D:6      | Killed Dowan
  5283 | D:6      | Learned a level 4 spell: Animate Dead
  5412 | D:6      | Reached XP level 9. HP: 44/74 MP: 1/15
  5796 | D:6      | Found a runed translucent door.
  5797 | D:6      | Noticed Crazy Yiuf
  5924 | D:6      | Found a shimmering altar of Xom.
  6052 | D:6      | Found a glowing silver altar of Zin.
  6127 | D:6      | Killed Crazy Yiuf
  6248 | D:7      | Noticed a moth of wrath
  6456 | D:7      | Found a sparkling altar of Nemelex Xobeh.
  6631 | D:7      | Reached * piety under Kikubaaqudgha
  6631 | D:7      | Received a gift from Kikubaaqudgha
  6649 | D:7      | Reached skill level 9 in Necromancy
  6742 | D:8      | Noticed Harold
  6757 | D:8      | HP: 2/72 [centaur/arrow (11)]
  6758 | D:8      | Shot with an arrow by a centaur

Illustrated notes

Levels and vault maps discovered:
D:1:      dpeg_arrival_signposts, layout_rooms, chequers_serial_rivers_small_b
D:2:      cheibrodos_pilgrimage, layout_basic, grunt_ministairs_8,
          minmay_misc_feat_rugged, minmay_randomly_rotated_circles
D:3:      layout_basic, nicolae_overflow_ecumenical_swirl,
          mainiacjoe_overflow_big_doors
D:4:      layout_gridville, mainiacjoe_overflow_alcove_2,
          nicolae_dithmenos_through_a_glass_darkly
D:5:      layout_loops_cross, cheibriados_altar_1, cheibrodos_ashenzari_chains,
          minmay_temple_entry_hall, serial_shops,
          nicolae_shop_temple_entry_statues_fountains
D:6:      layout_gridville, old_standard_altar, zin_scriptorium,
          kennysheep_decorative_pillar, uniq_duvessa, uniq_crazy_yiuf_cottage,
          uniq_prince_ribbit1
D:7:      layout_loops_ring, nemelex_spade_bored_becter, tgw_trog,
          gammafunk_ghost_hive, serial_shops, kennysheep_mini_moat
D:8:      layout_rooms, grunt_ministairs_14, uniq_harold
Temple:   eino_temple_lava

Skill      XL: |  1  2  3  4  5  6  7  8  9 |
---------------+----------------------------+-----
Spellcasting   | 2 3 4 5 |  5.0
Necromancy     | 5 8 9 |  9.0
Dodging        | |  1.5
Stealth        | |  1.0
Unarmed Combat | |  0.7

Action                   |  1- 3 |  4- 6 |  7- 9 || total
-------------------------+-------+-------+-------++-------
Melee: Unarmed           |    81 |   199 |   181 ||   461
       Punch             |     1 |     1 |     6 ||     8
 Cast: Pain              |     5 |    47 |    90 ||   142
       Vampiric Draining |       |       |    17 ||    17
       Sublimation of Bl |       |       |     6 ||     6
Evoke: Wand              |       |       |     2 ||     2
  Use: Scroll            |       |       |     4 ||     4
 Stab: Sleeping          |       |     1 |       ||     1
Armor: Robe              |    22 |    67 |   103 ||   192
Dodge: Dodged            |    37 |    87 |   123 ||   247
